 Dungeon Crawl Stone Soup version 0.29.1-1-gd02db6906a (webtiles) character file.

Game seed: 8169646299082095138

197 fireball365 the Digger (level 5, -1/38 HPs)
             Began as a Demigod Earth Elementalist on Oct 7, 2022.
             Slain by a gnoll
             ... wielding a +0 halberd
              (15 damage)
             ... on level 3 of the Dungeon.
             The game lasted 00:10:10 (2808 turns).

fireball365 the Digger (Demigod Earth Elementalist) Turns: 2808, Time: 00:10:10

Health: -1/38      AC:  4    Str:  9    XL:     5   Next: 22%
Magic:  9/12       EV: 12    Int: 21    God:
Gold:   64         SH:  0    Dex: 14    Spells: 9/10 levels left

rFire   . . .      SeeInvis .   n - +4 hand axe
rCold   + . .      Faith    .   (no shield)
rNeg    . . .      Spirit   .   q - +2 robe {rC+}
rPois   .          Reflect  .   (no helmet)
rElec   .          Harm     .   (no cloak)
rCorr   .          Rampage  .   (no gloves)
Will    .....                   (no boots)
Stlth   ++........              (no amulet)
HPRegen 0.12/turn               (no ring)
MPRegen 0.13/turn               (no ring)

@: no status effects
A: high MP 1, forlorn, divine attributes
a: no special abilities


You were on level 3 of the Dungeon.
You visited 1 branch of the dungeon, and saw 3 of its levels.

You collected 64 gold pieces.

Inventory:

Hand Weapons
 d - a +2 short sword of venom
 l - a +0 whip
 m - a +0 arbalest
 n - a +4 hand axe (weapon)
 u - a +0 flail
 v - a +0 hand axe
Missiles
 i - 23 stones
 w - 4 poisoned darts
Armour
 a - a +0 leather armour
 j - a +0 leather armour
 q - a +2 robe of cold resistance (worn)
Scrolls
 c - a scroll of summoning {unknown}
 o - a scroll of identify {unknown}
 p - 2 scrolls of teleportation {unknown}
 s - a scroll of amnesia {unknown}
 t - a scroll of poison {unknown}
 x - a scroll of immolation {unknown}
Potions
 b - 2 potions of magic
 e - a potion of heal wounds {unknown}
 f - 2 potions of curing
 g - a potion of berserk rage {unknown}
 h - a potion of lignification {unknown}
 k - 2 potions of mutation {unknown}
 r - a potion of cancellation {unknown}
 z - a potion of ambrosia {unknown}


   Skills:
 + Level 0.1 Fighting
 + Level 0.3 Armour
 + Level 2.1 Dodging
 + Level 2.1 Stealth
 + Level 3.1 Spellcasting
 + Level 0.8 Transmutations
 + Level 4.4 Earth Magic


You had 9 spell levels left.
You knew the following spells:

 Your Spells              Type           Power      Damage    Failure   Level
a - Sandblast             Erth           44%        2d11      1%          1

Your spell library contained the following spells:

 Spells                   Type           Power      Damage    Failure   Level
 Passwall                 Tmut/Erth      11%        N/A       7%          2
 Stone Arrow              Conj/Erth      24%        3d8       16%         3
 Petrify                  Tmut/Erth      14%        N/A       41%         4


Dungeon Overview and Level Annotations

Branches:
Dungeon (3/15)


Innate Abilities, Weirdness & Mutations

You have an increased reservoir of magic. (+10% MP)
You shall have no god before yourself.
Your divine heritage dramatically boosts your attributes as you level up.


Message History

Really walk into that dispersal trap?
You enter a dispersal trap!
You blink.
There is an escape hatch in the ceiling here.
A hobgoblin comes into view.
It is wielding the +5 morningstar of Sadoi {drain, rN+}.
You can't see any susceptible monsters within range! (Use Z to cast anyway.)
Found a stone staircase leading up.
A gnoll comes into view. It is wielding a +0 halberd.
The gnoll shouts!
The hobgoblin shouts!
You hear a shout! x2
A gnoll comes into view. It is wielding a +0 flail.
Found 5 stones and 11 gold pieces.
The gnoll misses you.
The hobgoblin throws a stone.
The stone misses you. The gnoll barely misses you.
The hobgoblin throws a stone.
The stone hits you.
The blast of sand hits the gnoll!
The gnoll is almost dead.
The gnoll hits you from afar with a +0 halberd!
A gnoll comes into view. It is wielding a +0 club.
The blast of sand hits the gnoll but does no damage.
The blast of sand hits the gnoll!
The gnoll is severely wounded.
The gnoll hits you with a +0 flail!
The gnoll hits you from afar with a +0 halberd!
* * * LOW HITPOINT WARNING * * *
The gnoll closely misses you.
You are too injured to fight recklessly!
Casting: Sandblast (safe; 1% risk of failure)
Confirm with . or Enter, or press ? or * to list all spells.
Aiming: Sandblast (safe; 1% risk of failure)
Press: ? - help, Shift-Dir - straight line, f/p - gnoll
Aim: a gnoll, wielding a +0 flail (severely wounded, 85% to hit)
The blast of sand hits the gnoll!!
You kill the gnoll!
The gnoll hits you from afar with a +0 halberd!
* * * LOW HITPOINT WARNING * * *
Your Stealth skill increases to level 2!
It was a potion of curing.
You feel better.
The gnoll hits you from afar with a +0 halberd.
* * * LOW HITPOINT WARNING * * *
You feel better.
The gnoll hits you from afar with a +0 halberd!
You die...

#.#...## # #......#.#
#...<..#.# #........# #.#
#.....# #.# #..gg.# # #.##
###g### '# ... #)# ...
###.# ##@# .... #.#.# ##..#
.....
....##########...####......
....................'......
......########...####......
#.#..<..# #...# .....
###.....# #.### ....
#.......# #.# ... #.#.....#
#.# '#


You could see 2 gnolls and a hobgoblin.

Vanquished Creatures
  An orc priest (D:3)
  Jessica (D:2)
  2 orc wizards (D:3)
  A gnoll (D:3)
  5 adders
  3 dart slugs
  2 orcs (D:3)
  6 endoplasms
  A giant cockroach (D:1)
  5 goblins
  4 hobgoblins (D:1)
  A ball python (D:2)
  8 bats
  2 frilled lizards
  5 kobolds
  3 rats
50 creatures vanquished.

Notes
Turn   | Place    | Note
-------+----------+-------------------------------------------
     0 | D:1      | fireball365 the Demigod Earth Elementalist began the quest
                  | for the Orb.
     0 | D:1      | Reached XP level 1. HP: 14/14 MP: 5/5
   150 | D:1      | Reached skill level 3 in Earth Magic
   276 | D:1      | Reached XP level 2. HP: 19/20 MP: 5/7
  1136 | D:2      | Reached XP level 3. HP: 26/26 MP: 4/8
  1578 | D:2      | Noticed Jessica
  1585 | D:2      | Killed Jessica
  1586 | D:2      | Reached XP level 4. HP: 18/33 MP: 4/10
  1736 | D:2      | Reached skill level 4 in Earth Magic
  2234 | D:3      | Reached XP level 5. HP: 10/38 MP: 2/12
  2783 | D:3      | Identified the +5 morningstar of Sadoi {drain, rN+}
  2806 | D:3      | HP: 1/38 [gnoll/+0 halberd (8)]
  2808 | D:3      | Slain by a gnoll

Illustrated notes

Levels and vault maps discovered:
D:1:      amcnicky_arrival_blooded_trapdoor, layout_basic,
          nicolae_ecumenical_lake_church
D:2:      layout_basic, uniq_jessica
D:3:      layout_loops_corners

Skill      XL: |  1  2  3  4  5 |
---------------+----------------+-----
Earth Magic    | 3 4 |  4.4
Dodging        | 2 |  2.1
Spellcasting   | 2 3 |  3.1
Stealth        | 2 |  2.1
Fighting       | |  0.1
Armour         | |  0.3
Transmutations | |  0.8

Action                   |  1- 3 |  4- 6 || total
-------------------------+-------+-------++-------
Melee: Short sword       |     5 |       ||     5
       Hand axe          |     1 |     5 ||     6
 Cast: Sandblast         |    49 |    23 ||    72
  Use: Potion            |       |     2 ||     2
 Stab: Sleeping          |       |     1 ||     1
Armor: Robe              |     3 |     5 ||     8
       Leather armour    |     7 |       ||     7
Dodge: Dodged            |    26 |    11 ||    37
